Map: Dusk Towers

Players

NoPinSea (Probe)

  • Race: Protoss Protoss
  • League: Master

iaguz - Winner!

  • Race: Terran Terran

Event: 2016 WCS Winter Challenger Oceania SEA

VOD

Have the link to the VOD?

Description

Time

  • Played on: Feb. 13, 2016, 9:48 p.m.
  • Length: 16:59

All games in this series

Show
View Real Time Build Order
Export as new Build Order

NoPinSea Protoss 

Build Orders: 1 Gate Expand 

Get SALT Encoding   

  12  0:01  Probe (Chrono Boost)  
  13  0:11  Probe (Chrono Boost)  
  14  0:17  Pylon  
  14  0:22  Probe (Chrono Boost)  
  15  0:36  Probe (Chrono Boost)  
  15  0:37  Gateway  
  16  0:46  Probe (Chrono Boost), Assimilator  
  18  0:57  Probe (Chrono Boost)  
  18  1:07  Probe (Chrono Boost)  
  19  1:18  Nexus  
  19  1:21  Probe (Chrono Boost)  
  20  1:31  Cybernetics Core  
  20  1:34  Probe (Chrono Boost)  
  21  1:40  Assimilator  
  21  1:44  Probe (Chrono Boost)  
  22  1:51  Pylon  
  22  1:55  Probe (Chrono Boost)  
  23  2:09  Mothership Core (Chrono Boost)  
  23  2:14  Adept  
  26  2:21  Warp Gate  
  26  2:27  Probe (Chrono Boost)  
  27  2:31  Probe (Chrono Boost)  
  28  2:38  Probe (Chrono Boost)  
  28  2:41  Probe (Chrono Boost), Adept  
  32  2:48  Probe (Chrono Boost)  
  32  2:50  Robotics Facility  
  33  2:52  Probe (Chrono Boost)  
  34  2:59  Probe (Chrono Boost)  
  34  3:03  Probe (Chrono Boost)  
  36  3:08  Stalker  
  36  3:09  Pylon  
  36  3:10  Probe (Chrono Boost)  
  39  3:13  Probe (Chrono Boost)  
  40  3:20  Probe (Chrono Boost)  
  40  3:24  Probe (Chrono Boost)  
  42  3:31  Probe (Chrono Boost)  
  42  3:33  Probe (Chrono Boost)  
  43  3:37  Warp Prism (Chrono Boost), Robotics Bay  
  46  3:41  Probe  
  46  3:43  Probe  
  48  3:50  Pylon  
  48  3:53  Probe x2  
  48  3:54  Assimilator x2  
  50  4:04  Probe  
  50  4:06  Probe  
  50  4:09  Observer (Chrono Boost)  
  53  4:15  Probe  
  54  4:17  Pylon  
  54  4:18  Probe  
  54  4:20  Gateway x2  
  55  4:24  Disruptor (Chrono Boost)  
  55  4:26  Probe  
  55  4:29  Gravitic Drive (Chrono Boost)  
  59  4:31  Stalker  
  59  4:33  Probe  
  62  4:41  Probe  
  62  4:42  Pylon  
  63  4:45  Probe  
  64  4:53  Twilight Council  
  64  4:54  Disruptor  
  64  4:59  Forge  
  67  5:01  Pylon  
  67  5:02  Stalker  
  69  5:16  Stalker x2  
  69  5:18  Blink (Chrono Boost)  
  73  5:26  Nexus  
  72  5:33  Protoss Ground Weapons Level 1 (Chrono Boost)  
  72  5:34  Observer  
  73  5:42  Pylon  
  73  5:44  Probe x2, Pylon  
  73  5:47  Stalker  
  77  5:53  Sentry  
  77  5:56  Probe x2  
  81  5:57  Observer  
  82  6:08  Probe x2  
  84  6:19  Observer  
  84  6:20  Probe x2  
  87  6:25  Adept x2  
  87  6:26  Adept  
  93  6:32  Probe  
  93  6:33  Probe  
  93  6:35  Pylon  
  93  6:36  Probe, Gateway  
  93  6:37  Gateway  
  93  6:38  Pylon  
  93  6:39  Gateway  
  96  6:44  Gateway  
  96  6:45  Probe x2  
  96  6:46  Immortal (Chrono Boost)  
  102  6:47  Probe  
  103  6:57  Probe x2  
  103  7:00  Probe  
  106  7:04  Assimilator  
  106  7:05  Charge, Assimilator  
  106  7:08  Protoss Ground Weapons Level 2  
  106  7:19  Probe  
  106  7:20  Adept x3  
  113  7:36  Colossus (Chrono Boost), Extended Thermal Lance  
  119  7:44  Adept  
  119  7:45  Adept x5  
  119  7:47  Nexus  
  131  8:01  Photon Cannon  
  131  8:05  Stalker  
  131  8:07  Photon Cannon  
  131  8:09  Pylon  
  131  8:10  Pylon x2  
  131  8:11  Pylon  
  133  8:13  Pylon  
  133  8:14  Pylon  
  138  8:27  Colossus (Chrono Boost)  
  138  8:30  Stalker x5  
  139  8:49  Photon Cannon  
  139  8:50  Adept x2  
  143  9:07  Stalker x5  
  143  9:09  Probe  
  153  9:11  Probe x3  
  153  9:14  Colossus (Chrono Boost)  
  163  9:23  Probe  
  164  9:26  Stalker x2  
  164  9:31  Stalker x4  
  174  9:35  Adept  
  163  9:56  Stalker x4  
  171  10:02  Probe  
  172  10:12  Probe x2  
  172  10:21  Probe  
  172  10:27  Probe  
  171  10:29  Probe x2  
  171  10:31  Probe  
  171  10:33  Protoss Ground Weapons Level 3  
  171  10:35  Templar Archives  
  168  10:36  Stalker x2  
  168  10:39  Probe  
  168  10:41  Probe, Pylon  
  172  10:43  Pylon  
  172  10:56  Templar Archives  
  172  10:58  Probe  
  172  10:59  Probe x3  
  174  11:08  Probe  
  174  11:09  Sentry x2  
  179  11:11  Probe  
  179  11:12  Probe x2  
  182  11:19  Probe  
  165  11:33  Zealot x7  
  165  11:38  Psionic Storm  
  166  11:41  Probe x2  
  166  11:43  Probe  
  166  11:44  Probe  
  147  11:53  Probe x3  
  141  11:54  High Templar  
  141  11:56  Probe, High Templar  
  147  12:05  Probe, Zealot x3  
  154  12:14  Zealot x2  
  135  12:32  Stalker x5  
  135  12:36  Probe x2  
  147  12:39  High Templar  
  147  12:40  High Templar  
  148  12:52  Archon  
  148  13:00  Stalker x3  
  150  13:11  Stalker  
  150  13:12  Stalker x3  
  132  13:15  Disruptor  
  122  13:24  High Templar x3  
  122  13:26  Probe x2  
  133  13:33  Nexus  
  133  13:36  Protoss Ground Armor Level 1  
  133  13:37  High Templar x3  
  138  13:42  Archon  
  138  13:46  Disruptor, High Templar  
  140  13:49  Pylon  
  143  13:57  Stalker x3  
  143  13:59  Pylon  
  147  14:12  Zealot  
  147  14:13  Zealot  
  139  14:36  Stalker x4  
  147  14:47  Warp Prism  
  145  15:03  Stalker x4  
  153  15:08  Probe  
  153  15:09  Probe x3  
  148  15:30  Stalker  
  148  15:31  Stalker x3  
  150  15:54  Stalker  
  150  15:55  Stalker x3  
  123  16:20  Zealot  
  123  16:21  Zealot x3  
  123  16:23  Pylon  
  131  16:27  Pylon  
  121  16:36  Archon x2  
  111  16:45  Zealot  
  111  16:46  Zealot x4  
Show
View Real Time Build Order
Export as new Build Order

iaguz Terran - Winner!

Build Orders: MMM Bio 

Get SALT Encoding   

  12  0:00  SCV  
  13  0:13  SCV  
  14  0:17  Supply Depot  
  14  0:25  SCV  
  15  0:38  SCV  
  15  0:39  Barracks  
  16  0:50  SCV  
  17  1:02  SCV  
  18  1:14  SCV  
  19  1:18  Command Center  
  19  1:30  Orbital Command  
  20  1:36  Supply Depot  
  20  1:37  Marine  
  20  1:54  Marine  
  20  1:57  SCV  
  22  2:10  SCV  
  22  2:14  Command Center, Marine  
  24  2:22  Refinery  
  24  2:24  Refinery, SCV  
  25  2:32  Orbital Command  
  25  2:36  Marine  
  26  2:38  SCV  
  27  2:46  Bunker  
  27  2:50  SCV  
  28  2:54  Marine  
  29  2:59  SCV  
  29  3:03  SCV  
  31  3:09  Factory  
  31  3:13  SCV  
  31  3:15  SCV  
  31  3:18  Barracks Reactor  
  33  3:23  Engineering Bay  
  33  3:25  SCV  
  33  3:26  Orbital Command  
  34  3:27  SCV  
  35  3:38  SCV  
  35  3:39  SCV  
  37  3:43  Barracks  
  37  3:50  SCV  
  37  3:51  Missile Turret, SCV  
  37  3:53  Factory Tech Lab  
  37  3:54  SCV  
  40  3:57  Marine x2  
  40  4:00  Terran Infantry Weapons Level 1  
  40  4:02  SCV  
  43  4:03  SCV  
  43  4:04  Starport  
  43  4:09  SCV  
  45  4:14  SCV  
  45  4:16  Marine x2  
  48  4:20  SCV  
  48  4:22  Siege Tank  
  53  4:24  SCV  
  53  4:25  Refinery, Barracks  
  53  4:27  Refinery  
  53  4:28  SCV  
  54  4:31  Supply Depot  
  54  4:34  Barracks Tech Lab  
  54  4:37  Marine x2  
  54  4:38  SCV x2  
  58  4:47  Viking, Bunker  
  58  4:48  Orbital Command  
  60  4:53  SCV x2  
  60  4:54  Marauder  
  60  4:56  Marine x2  
  66  5:05  Supply Depot x2  
  66  5:07  Siege Tank  
  69  5:22  Marine  
  69  5:26  Marine x2  
  69  5:27  Marauder  
  73  5:31  SCV x3, Starport Reactor  
  76  5:36  Supply Depot, Stimpack  
  76  5:38  Barracks  
  76  5:39  Barracks, Orbital Command  
  79  5:45  SCV  
  79  5:46  SCV  
  79  5:48  Supply Depot  
  79  5:49  Supply Depot  
  81  5:52  Supply Depot  
  81  5:53  Missile Turret  
  81  6:03  SCV  
  81  6:04  SCV  
  80  6:05  SCV  
  80  6:07  Factory Reactor, Missile Turret  
  81  6:11  Terran Infantry Armor Level 1  
  81  6:12  Viking  
  81  6:16  SCV x2  
  81  6:17  SCV  
  85  6:25  Missile Turret  
  85  6:28  SCV x2  
  85  6:29  Barracks Reactor, SCV, Barracks Tech Lab, Marine x2  
  85  6:30  Marauder x2  
  94  6:38  Medivac  
  96  6:40  SCV x2  
  96  6:41  SCV  
  96  6:45  Widow Mine, Medivac  
  96  6:46  Widow Mine  
  105  6:57  SCV x3  
  105  6:59  Refinery, Supply Depot, Marine x2  
  105  7:00  Refinery, Marauder x3, Concussive Shells  
  116  7:02  Supply Depot  
  116  7:07  Armory  
  116  7:08  Engineering Bay  
  116  7:13  Marine  
  117  7:17  Medivac, Marine  
  117  7:18  Supply Depot x2  
  117  7:22  Marauder x3, Widow Mine  
  125  7:23  Widow Mine  
  127  7:30  Medivac, Marine x2  
  127  7:32  Liberator  
  127  7:37  SCV x2  
  133  7:38  Supply Depot  
  133  7:39  Supply Depot, SCV  
  134  7:45  Liberator  
  134  7:47  Starport  
  134  7:48  Marauder x3, Marine x3  
  146  7:57  Barracks  
  146  7:59  Barracks  
  149  8:10  SCV x2  
  149  8:11  SCV  
  149  8:12  Supply Depot x2, Command Center  
  152  8:17  Liberator  
  150  8:33  Marauder x3, Marine x3  
  159  8:34  Marine  
  159  8:39  Liberator x2  
  159  8:40  Liberator  
  160  8:44  Combat Shields  
  158  8:55  Barracks Reactor, Barracks Tech Lab, Marine  
  154  8:56  Marine x3  
  154  9:00  Barracks  
  154  9:01  Terran Infantry Weapons Level 2, Terran Infantry Armor Level 2  
  162  9:17  Marauder x4, Marine x2  
  168  9:19  Marine x2  
  173  9:31  Marine x2  
  175  9:34  Marine  
  175  9:35  Marine  
  175  9:37  Marine x2  
  179  9:38  Marauder x3  
  179  9:39  Marauder  
  168  9:47  Medivac x2  
  168  9:48  Marine  
  168  9:49  Medivac x2, Marine  
  168  9:52  Marine x2  
  171  9:55  Marine x2  
  171  9:59  Marine  
  174  10:00  Marauder  
  174  10:01  Marauder  
  174  10:02  Marauder  
  174  10:06  Marine  
  179  10:11  Marine  
  180  10:18  Marauder, Marine x2  
  180  10:19  Command Center  
  174  10:21  Marauder  
  174  10:25  Marine x2  
  174  10:26  Marauder  
  174  10:28  Planetary Fortress, Marine  
  180  10:31  Marine  
  180  10:33  Medivac x3  
  182  10:40  Missile Turret  
  181  10:45  Marauder x2, Marine x2  
  187  10:52  Marauder x2, Marine x4  
  195  10:58  Barracks Tech Lab  
  195  11:00  Supply Depot  
  195  11:02  SCV  
  195  11:03  Refinery  
  196  11:07  Refinery  
  196  11:12  Liberator  
  196  11:21  Marauder, SCV x2, Marine x3  
  196  11:22  Marauder  
  200  11:26  Liberator x2  
  192  11:39  Marauder, Marine x3  
  181  11:55  Marine x3  
  181  11:56  Marauder x4  
  181  11:57  Marine  
  193  12:04  Terran Infantry Weapons Level 3, Terran Infantry Armor Level 3  
  193  12:06  Marine x2  
  193  12:07  Marauder  
  197  12:13  Marine x3  
  195  12:16  Marine  
  195  12:17  Marauder x2, Marine  
  195  12:19  Liberator x2  
  184  12:30  Marauder, Marine x3  
  184  12:34  Marine x2  
  184  12:35  Marauder  
  195  12:56  Liberator x2  
  195  13:01  Liberator  
  180  13:12  Marauder x4, Marine x5  
  186  13:13  Marauder  
  186  13:17  Marine  
  181  13:22  Planetary Fortress  
  181  13:29  Marine x2  
  181  13:30  Marine x2  
  181  13:33  Marauder x4  
  195  13:34  Marauder  
  195  13:42  Marine  
  196  13:53  Marine x3  
  199  14:05  Marine  
  188  14:26  Marauder, Marine  
  178  14:37  Medivac x4  
  178  14:38  Marauder x2, Marine x4  
  194  14:40  Marauder, Marine x2  
  194  14:44  Marine  
  199  14:52  Marauder  
  186  14:55  Marine x2  
  186  14:56  Marine x2  
  186  14:57  Command Center  
  186  14:58  Marauder, Marine  
  186  14:59  Marauder x2, Missile Turret  
  197  15:01  Marine  
  197  15:02  Marauder  
  197  15:04  Ghost Academy  
  197  15:05  Barracks  
  200  15:09  Barracks  
  184  15:30  Marauder, Viking, Marine x4  
  184  15:31  Viking  
  184  15:34  Viking  
  184  15:35  Ghost x3, Viking  
  195  15:54  Marine  
  195  15:55  Marauder x2, Marine x2  
  198  16:00  Viking  
  198  16:01  Viking  
  198  16:03  Marine  
  186  16:04  Marauder x2, Viking  
  186  16:05  Marauder, Viking  
  186  16:06  Marine  
  186  16:07  Marine  
  189  16:12  Marine x3  
  189  16:14  Barracks Tech Lab x2  
  189  16:16  Marauder x2  
  196  16:21  Marine  
  196  16:24  Marine x2  
  174  16:34  Marine  
  174  16:35  Marauder  
  174  16:38  Marauder  
  156  16:41  Marine x4  
Tags
 
Add a new tag
Caveats
  • Supply blocks, unpowered buildings, or Contaminate may cause inaccurate times.
  • Supply counts are checked every 10 seconds.